 Dungeon Crawl Stone Soup version 0.29-a0-1043-g569b05d6ff (webtiles) character file.

Game seed: 12249807477832591572

515 nickcage the Chiller (level 7, -1/50 HPs)
             Began as a Pale Draconian Ice Elementalist on Aug 15, 2022.
             Slain by an ogre zombie (12 damage)
             ... in an ossuary.
             The game lasted 00:17:02 (3955 turns).

nickcage the Chiller (DrIE)                         Turns: 3955, Time: 00:17:03

Health: -1/50      AC: 13    Str: 10    XL:     7   Next: 0%
Magic:  5/13       EV: 12    Int: 17    God:
Gold:   111        SH:  0    Dex: 12    Spells: 3/14 levels left

rFire   . . .      SeeInvis .   m - +1 rapier (freeze)
rCold   . . .      Faith    .   (no shield)
rNeg    . . .      Spirit   .   (body armour unavailable)
rPois   .          Reflect  .   (helmet restricted)
rElec   .          Harm     .   (no cloak)
rCorr   .          Rampage  .   (no gloves)
Will    +....                   (no boots)
Stlth   ++........              (no amulet)
HPRegen 0.16/turn               d - ring of willpower
MPRegen 0.13/turn               (no ring)

@: ice-armoured, short of breath
A: breathe steam, AC +6, unfitting armour, cold-blooded, steam resistance
a: Breathe Steam


You were in an ossuary.
You visited 1 branch of the dungeon, and saw 4 of its levels.
You also visited: Ossuary.

You collected 111 gold pieces.

Inventory:

Hand Weapons
 g - a +0 dagger
 h - a +0 quarterstaff
 m - a +1 rapier of freezing (weapon)
Missiles
 k - 2 boomerangs
Jewellery
 d - a ring of willpower (left hand)
 s - a ring of ice
Scrolls
 c - a scroll of amnesia {unknown}
 f - 4 scrolls of teleportation
Potions
 a - 2 potions of magic
 b - a potion of cancellation
 e - a potion of resistance {unknown}
 i - 2 potions of might
 j - a potion of curing {unknown}
 p - a potion of brilliance {unknown}
 q - 4 potions of flight
 r - a potion of berserk rage {unknown}
 t - a potion of heal wounds {unknown}


   Skills:
 - Level 0.2 Staves
 - Level 0.1 Throwing
 - Level 1.7 Dodging
 - Level 1.7 Stealth
 - Level 4.0 Spellcasting
 + Level 7.4 Ice Magic


You had 3 spell levels left.
You knew the following spells:

 Your Spells              Type           Power      Damage    Failure   Level
a - Freeze                Ice            100%       1d11      1%          1
b - Frozen Ramparts       Ice            56%        1d9       2%          3
c - Ozocubu's Armour      Ice            28%        N/A       2%          3
d - Hailstorm             Conj/Ice       16%        3d6       34%         4

Your spell library contained the following spells:

 Spells                   Type           Power      Damage    Failure   Level


Dungeon Overview and Level Annotations

Branches:
Dungeon (4/15)            Ossuary (1/1)
 Temple: D:4-7

Altars:

Shops:
D:2 :


Innate Abilities, Weirdness & Mutations

You can breathe blasts of scalding, opaque steam.
Your pale cyan-grey scales are hard. (AC +6)
You cannot fit into any form of body armour.
You are cold-blooded and may be slowed by cold attacks.
You are immune to the effects of steam.


Message History

You barely miss the scorpion zombie.
The scorpion zombie is severely damaged.
The scorpion zombie hits you. The ogre zombie hits you.
You hit the scorpion zombie.
The scorpion zombie is almost destroyed.
The scorpion zombie hits you but does no damage.
You hit the scorpion zombie. You tail-slap the scorpion zombie.
The scorpion zombie is almost destroyed.
The scorpion zombie barely misses you. The ogre zombie hits you!
The scorpion zombie barely misses you.
You hit the ogre zombie.
You tail-slap the ogre zombie, but do no damage.
The ogre zombie is lightly damaged.
The scorpion zombie barely misses you.
You hit the ogre zombie.
The ogre zombie is moderately damaged.
The ogre zombie hits you!
* * * LOW HITPOINT WARNING * * *
The scorpion zombie barely misses you.
You hit the scorpion zombie.
You destroy the scorpion zombie!
The ogre zombie hits you.
* * * LOW HITPOINT WARNING * * *
You have reached level 7!
Your scales start taking on a pale cyan-grey colour.
You learn Fire Magic quicker.
You learn Air Magic quicker.
You learn Evocations quicker.
You can breathe blasts of scalding, opaque steam.
You are now immune to the effects of steam.
Aiming: Breathe Steam (1% risk of failure)
Press: ? - help, Shift-Dir - straight line, f - ogre zombie
Aim: an ogre zombie (moderately damaged, 100% to hit)
You exhale a blast of scalding steam.
The ball of steam hits the ogre zombie!
The ogre zombie is heavily damaged.
Casting: Frozen Ramparts (dangerous; 2% risk of failure)
Confirm with . or Enter, or press ? or * to list all spells.
A film of ice covers your body!
The ogre zombie is engulfed in a cloud of scalding steam.
The ogre zombie hits you!
You die...

....'...........##
....'......8.....#
....'.....8#8....#
..#####....8.....#
### ###....§§..# #
##..§.§..#
##.§§§..# #....Z.#
##....@# #...###
#'''# #...###
##.....# #.Z....#
#...Z..# #.......#
#........#


You could see an ogre zombie.

Vanquished Creatures
  A howler monkey (D:4)
  A hound (D:3)
  2 centaur zombies (Ossuary)
  A gnoll bouda (D:3)
  An iguana (D:3)
  4 orc wizards
  2 scorpion zombies (Ossuary)
  An ogre zombie (Ossuary)
  4 gnolls (D:3)
  5 adders
  A white imp (D:3)
  2 adder zombies (Ossuary)
  A worm (D:3)
  A dart slug (D:3)
  7 orcs
  4 endoplasms
  3 giant cockroaches
  4 gnoll zombies (Ossuary)
  6 goblins
  6 hobgoblins
  3 jackals (D:2)
  5 kobolds
  2 quokkas (D:3)
  7 ball pythons
  4 bats
  2 frilled lizards
  2 goblin zombies
  2 hobgoblin zombies (Ossuary)
  3 orc zombies (Ossuary)
  A quokka zombie (D:4)
  7 rats
95 creatures vanquished.

Notes
Turn   | Place    | Note
-------+----------+-------------------------------------------
     0 | D:1      | nickcage the Draconian Ice Elementalist began the quest for
                  | the Orb.
     0 | D:1      | Reached XP level 1. HP: 14/14 MP: 3/3
    41 | D:1      | Found a faded altar of an unknown god.
   391 | D:1      | Reached XP level 2. HP: 20/20 MP: 1/5
   960 | D:2      | Found Bin Duon's Book Boutique.
  1062 | D:2      | Reached XP level 3. HP: 26/26 MP: 2/6
  1066 | D:2      | Learned a level 3 spell: Frozen Ramparts
  1281 | D:2      | Reached skill level 5 in Ice Magic
  2075 | D:3      | Reached XP level 4. HP: 26/33 MP: 4/8
  2079 | D:3      | Learned a level 3 spell: Ozocubu's Armour
  2451 | D:3      | Reached XP level 5. HP: 30/38 MP: 0/10
  2869 | D:3      | Reached skill level 6 in Ice Magic
  2937 | D:3      | Learned a level 4 spell: Hailstorm
  3064 | D:4      | Reached XP level 6. HP: 37/45 MP: 6/12
  3356 | D:4      | Found a sand-covered staircase.
  3407 | Ossuary  | Entered an ossuary
  3689 | Ossuary  | Reached skill level 7 in Ice Magic
  3954 | Ossuary  | Your scales start taking on a pale cyan-grey colour.
  3954 | Ossuary  | Reached XP level 7. HP: 11/50 MP: 8/13
  3954 | Ossuary  | Gained mutation: You are immune to the effects of steam.
                  | [Pale Draconian growth]
  3955 | Ossuary  | Slain by an ogre zombie

Illustrated notes

Levels and vault maps discovered:
D:1:      ncdulo_watergridlock, layout_basic,
          shapermc_ecumenical_altar_flowoftime, serial_curves, eino_curves_02,
          eino_curves_04, eino_curves_01
D:2:      minmay_inner_zag, layout_loops_ring, serial_shops, shop
D:3:      layout_rooms
D:4:      layout_gridville, enter_ossuary_4, nicolae_shop_fire_sale
          [nicolae_sub_dead_trees], uniq_robin
Ossuary:  ossuary_hellmonk_silent_tomb

Skill      XL: |  1  2  3  4  5  6 |
---------------+-------------------+-----
Ice Magic      | 5 6 7 |  7.4
Spellcasting   | 3 4 |  4.0
Staves         | |  0.2
Throwing       | |  0.1
Dodging        | |  1.7
Stealth        | |  1.7

Action                   |  1- 3 |  4- 6 |  7- 9 || total
-------------------------+-------+-------+-------++-------
Melee: Dagger            |     2 |       |       ||     2
       Unarmed           |     1 |       |       ||     1
       Quarterstaff      |    13 |       |       ||    13
       Rapier            |    42 |   151 |       ||   193
       Tailslap          |     3 |    23 |       ||    26
       Punch             |     1 |     3 |       ||     4
Throw: Boomerang         |       |     9 |       ||     9
 Cast: Freeze            |    38 |    38 |       ||    76
       Frozen Ramparts   |     2 |     9 |       ||    11
       Ozocubu's Armour  |       |     6 |     1 ||     7
 Abil: Breathe Steam     |       |       |     1 ||     1
  Use: Scroll            |     2 |     7 |       ||     9
 Stab: Sleeping          |     7 |       |       ||     7
Armor: Skin              |    27 |    93 |       ||   120
Dodge: Dodged            |    57 |   132 |       ||   189

Table legend: (Time is in decaauts)
 A = Elapsed time spent in this place.
 B = Non-inter-level travel time spent in this place.
 C = Inter-level travel time spent in this place.
 D = Time resting spent in this place.
 E = Time spent auto-exploring this place.
 F = Levels seen in this place.
 G = Mean time per level.
                   A        B        C        D        E       F      G
               +--------+--------+--------+--------+--------+-----+--------+
         Total |   4000 |   3897 |    103 |    981 |   2104 |   5 |  800.0 |
       Dungeon |   3429 |   3326 |    103 |    643 |   2104 |   4 |  857.2 |
       Ossuary |    570 |    570 |      0 |    338 |      0 |   1 |  570.0 |
               +--------+--------+--------+--------+--------+-----+--------+

Top non-repeatable levels by time:
     D:3: 1324 daAuts
     D:2: 1187 daAuts
     D:1: 800 daAuts
 Ossuary: 570 daAuts
     D:4: 117 daAuts
